 Dungeon Crawl Stone Soup version 0.21-a0-498-g1b60429 (webtiles) character file.

7504 mortelune the Thaumaturge (level 10, 0/88 HPs)
             Began as a Purple Draconian Fire Elementalist on Nov 24, 2017.
             Was a Believer of Vehumet.
             Slain by a two-headed ogre
             ... wielding a +0 giant spiked club
              (17 damage)
             ... on level 8 of the Dungeon on Nov 25, 2017.
             The game lasted 00:58:33 (12589 turns).

mortelune the Thaumaturge (DrFE)                   Turns: 12589, Time: 00:58:33

Health: 0/88       AC:  9    Str: 18    XL:     10   Next: 95%
Magic:  15/22      EV: 10    Int: 19    God:    Vehumet [**....]
Gold:   215        SH: 10    Dex: 12    Spells: 16/26 levels left

rFire    . . .     SeeInvis .   c - +2 hand axe (elec)
rCold    . . .     Gourm    .   F - +0 shield
rNeg     . . .     Faith    .   (armour unavailable)
rPois    +         Spirit   .   (helmet restricted)
rElec    .         Reflect  .   (no cloak)
rCorr    .         Harm     .   G - +0 pair of gloves
MR       +....                  t - +0 pair of boots of the Lotus Blossom {*Contam *Slow rPois Str+8}
Stlth    +++.......             (no amulet)
HPRegen  0.24/turn              D - ring of stealth
MPRegen  0.18/turn              (no ring)

@: no status effects
A: breathe power, unfitting armour, cold-blooded, AC +7
a: Breathe Dispelling Energy, Renounce Religion


You were on level 8 of the Dungeon.
You worshipped Vehumet.
Vehumet was pleased with you.
You were very hungry.

You visited 2 branches of the dungeon, and saw 10 of its levels.
You also visited: Sewer.

You collected 421 gold pieces.
You spent 206 gold pieces at shops.

Inventory:

Hand Weapons
 c - a +2 hand axe of electrocution (weapon)
 h - the +1 halberd "Cewafi" {freeze, rPois Dex+4, unknown}
   (You took it off a big kobold on level 8 of the Dungeon)

   It has been specially enchanted to freeze those struck by it, causing extra
   injury to most foes and up to half again as much damage against particularly
   susceptible opponents.
   It can also slow down cold-blooded creatures.
   It affects your dexterity (+4).
   It protects you from poison.
 q - a +0 whip of electrocution
 N - a +3 spear
Armour
 t - the +0 pair of boots of the Lotus Blossom (worn) {*Contam *Slow rPois Str+8}
   (You found it on level 8 of the Dungeon)

   It affects your strength (+8).
   It protects you from poison.
   It causes magical contamination when unequipped.
   It may slow you when you take damage.
 F - a +0 shield (worn)
 G - a +0 pair of gloves (worn)
 K - a +0 pair of boots
Jewellery
 d - an uncursed ring of ice
 l - an uncursed amulet of faith
 D - a ring of stealth (left hand)
 H - an uncursed ring of poison resistance {unknown}
 P - an uncursed ring of poison resistance {unknown}
Wands
 C - a wand of acid (11)
 O - a wand of polymorph (9)
Scrolls
 n - 2 scrolls of immolation
 E - 3 scrolls of magic mapping
Potions
 g - a potion of might
 i - 2 potions of brilliance
 j - a potion of haste
 m - a potion of degeneration
 o - 2 potions of agility
 w - a potion of magic {unknown}
 z - a potion of mutation
 B - a potion of berserk rage {unknown}
 L - a potion of flight {unknown}
 M - a potion of lignification {unknown}
Books
 a - a book of Flames

   Spells                             Type                      Level
   a - Flame Tongue                   Conjuration/Fire             1
   b - Throw Flame                    Conjuration/Fire             2
   c - Conjure Flame                  Conjuration/Fire             3
   d - Inner Flame                    Hexes/Fire                   3
   e - Sticky Flame                   Conjuration/Fire             4
   f - Fireball                       Conjuration/Fire             5
 A - a book of Geomancy

   Spells                             Type                      Level
   a - Sandblast                      Earth                        1
   b - Passwall                       Transmutation/Earth          2
   c - Stone Arrow                    Conjuration/Earth            3
   d - Petrify                        Transmutation/Earth          4
   e - Lee's Rapid Deconstruction     Earth                        5
Comestibles
 b - 8 bread rations
 f - 6 meat rations
 p - 5 royal jellies
 r - 18 fruits


   Skills:
 + Level 8.2 Fighting
 - Level 1.7 Dodging
 - Level 1.7 Stealth
 * Level 7.6 Shields
 + Level 8.6 Spellcasting
 + Level 7.5 Conjurations
 + Level 8.2 Fire Magic


You had 16 spell levels left.
You knew the following spells:

 Your Spells              Type           Power        Failure   Level  Hunger
a - Flame Tongue          Conj/Fire      #####        1%          1    None
b - Throw Flame           Conj/Fire      #####.       1%          2    None
c - Conjure Flame         Conj/Fire      #####...     2%          3    None
d - Sticky Flame          Conj/Fire      #####...     9%          4    ###....


Dungeon Overview and Level Annotations

Branches:
Dungeon (9/15)             Temple (1/1) D:4
   Lair: D:8-11         Orc: D:9-12

Altars:
Ashenzari
Nemelex Xobeh
Ru
Sif Muna
Trog
Uskayaw
Vehumet

Shops:
D:5 ([=

Annotations:
D:8 Erica


Innate Abilities, Weirdness & Mutations

You can breathe bolts of dispelling energy.
Your rich purple scales are hard. (AC +7)
You cannot fit into any form of body armour.
You are cold-blooded and may be slowed by cold attacks.


Message History

Confirm with . or Enter, or press ? or * to list all spells.
Aiming: Flame Tongue
Press: ? - help, Shift-Dir - straight line, f/p - yak
Aim: a yak (heavily wounded, covered in liquid flames)
The flame tongue hits the yak.
The yak is severely wounded.
The yak burns!
The yak stops burning.
You block the yak's attack. The yak gores you but does no damage.
Casting: Flame Tongue
Confirm with . or Enter, or press ? or * to list all spells.
Aiming: Flame Tongue
Press: ? - help, Shift-Dir - straight line, f/p - yak
Aim: a yak (severely wounded)
The flame tongue hits the yak.
You kill the yak!
Vehumet accepts your kill.
The two-headed ogre hits you with a giant spiked club!!
* * * LOW HITPOINT WARNING * * *
The two-headed ogre hits you with a giant spiked club!
You die...

.....##.##..##.#.#
....##...##..#...#
...##.._.^##..#..#
..##.......##....#
.##^....^^.^##...#
)#^..#####...#...#
.##.'#.#.#'.##...#
..###..#..###..Y†#
......###.....##@#
.####.....######O#
......###.# ####(#
......#...# #....#
......#.#.# #.####
.....<#.#.# #.#
......#.#.###.##
......#.#.#....##
#####...#.#.##..#


You could see a two-headed ogre and a yak.

Vanquished Creatures
  A hydra (D:8)
  2 two-headed ogres
  Joseph (D:8)
  2 dream sheep (D:8)
  A wyvern (D:8)
  Eustachio (D:4)
  4 yaks
  A basilisk (D:7)
  A water moccasin (D:6)
  2 black bears (D:7)
  A sky beast (D:6)
  2 orc warriors
  2 ice beasts
  4 phantoms
  A centaur (D:5)
  5 ogres
  The ghost of Typee the Sneak, an amateur OpEn (D:3)
  3 big kobolds
  8 bullfrogs
  4 scorpions
  4 wights (D:6)
  2 crimson imps (D:5)
  3 jellies
  7 hounds
  An orc priest (D:4)
  A centaur skeleton (D:6)
  2 iguanas
  Natasha (thrice) (D:4)
  5 orc wizards
  2 worker ants
  2 hound skeletons (D:7)
  12 adders
  A shadow imp (D:7)
  16 oozes
  An adder skeleton (D:4)
  An adder zombie (D:5)
  2 worms
  3 dart slugs
  15 leopard geckos
  24 orcs
  15 giant cockroaches
  5 goblins
  6 hobgoblins
  9 jackals
  4 quokkas
  11 ball pythons (Sewer)
  10 bats
  17 frilled lizards
  9 kobolds
  A quokka skeleton (D:7)
  A quokka zombie (D:6)
  10 rats
252 creatures vanquished.

Vanquished Creatures (others)
  A howler monkey (D:4)
  A plant (D:8)
2 creatures vanquished.

Grand Total: 254 creatures vanquished

Notes
Turn   | Place    | Note
-------+----------+-------------------------------------------
     0 | D:1      | mortelune the Draconian Fire Elementalist began the quest for the Orb.
     0 | D:1      | Reached XP level 1. HP: 14/14 MP: 3/3
   238 | D:1      | Reached XP level 2. HP: 22/22 MP: 0/5
   326 | D:1      | Reached skill level 1 in Fighting
   725 | D:1      | Reached XP level 3. HP: 28/28 MP: 2/6
  1167 | D:2      | Learned a level 2 spell: Throw Flame
  1171 | D:2      | Learned a level 3 spell: Conjure Flame
  1420 | D:2      | Found a faded altar of an unknown god.
  1517 | D:2      | Reached XP level 4. HP: 36/36 MP: 4/7
  2245 | D:3      | Found a glowing drain.
  2246 | D:3      | Reached XP level 5. HP: 42/42 MP: 3/9
  2266 | Sewer    | Entered a sewer
  2999 | Sewer    | Reached XP level 6. HP: 51/51 MP: 7/10
  3856 | D:3      | Noticed Typee's ghost (amateur OpEn)
  3861 | D:3      | Killed Typee's ghost
  3861 | D:3      | Your scales start taking on a rich purple colour.
  3861 | D:3      | Reached XP level 7. HP: 58/58 MP: 0/13
  4329 | D:4      | Noticed Natasha
  4333 | D:4      | Killed Natasha
  4410 | D:4      | Reached skill level 5 in Fire Magic
  4466 | D:4      | Noticed Eustachio
  4480 | D:4      | Killed Eustachio
  4480 | D:4      | Reached skill level 5 in Spellcasting
  4964 | D:4      | Reached XP level 8. HP: 67/67 MP: 7/16
  5252 | D:4      | Reached skill level 5 in Fighting
  5459 | D:4      | Noticed Natasha
  5465 | D:4      | Killed Natasha
  5501 | D:4      | Noticed Natasha
  5503 | D:4      | Killed Natasha
  5619 | D:4      | Found a staircase to the Ecumenical Temple.
  5631 | Temple   | Entered the Ecumenical Temple
  5639 | Temple   | Became a worshipper of Vehumet
  5685 | D:5      | Entered Level 5 of the Dungeon
  5746 | D:5      | Reached skill level 5 in Conjurations
  5891 | D:5      | Found Ufaest's Weapon Shop.
  5928 | D:5      | Found Gipipt's Antique Armour Shoppe.
  5932 | D:5      | Bought a shield for 103 gold pieces
  5932 | D:5      | Bought a pair of gloves for 103 gold pieces
  6249 | D:5      | You fall through a shaft for 3 floors!
  6276 | D:8      | Reached skill level 1 in Shields
  6582 | D:7      | Noticed a two-headed ogre
  6963 | D:6      | Reached XP level 9. HP: 75/75 MP: 9/18
  7297 | D:5      | Found a sacrificial altar of Ru.
  7456 | D:5      | Found Qesaar's Jewellery Boutique.
  7496 | D:5      | Reached * piety under Vehumet
  7496 | D:5      | Offered knowledge of Shock by Vehumet.
  9096 | D:7      | Killed a two-headed ogre
  9096 | D:7      | Reached skill level 5 in Shields
  9561 | D:7      | Reached XP level 10. HP: 86/86 MP: 10/21
  9714 | D:7      | Offered knowledge of Freeze by Vehumet.
  9719 | D:7      | Reached ** piety under Vehumet
  9891 | D:7      | Found a bloodstained altar of Trog.
 10191 | D:8      | Found a sparkling altar of Nemelex Xobeh.
 10251 | D:8      | Noticed a two-headed ogre
 10532 | D:8      | Noticed Joseph
 10544 | D:8      | Killed Joseph
 11212 | D:8      | Killed a two-headed ogre
 11302 | D:8      | Got a pair of faintly humming boots
 11313 | D:8      | Identified the cursed +0 pair of boots of the Lotus Blossom {*Contam *Slow rPois Str+8} (You found it on level 8 of the Dungeon)
 11336 | D:8      | Noticed a two-headed hydra
 11578 | D:7      | Learned a level 4 spell: Sticky Flame
 11585 | D:8      | Killed a two-headed hydra
 11829 | D:8      | Got a polished halberd {freeze}
 12006 | D:8      | Noticed Erica
 12399 | D:9      | Noticed a two-headed ogre
 12589 | D:8      | Slain by a two-headed ogre

Vault maps used:
D:1:      dpeg_arrival_rooms_c
D:2:      chequers_ecumenical_altar_island
D:3:      portal_sewer_entry_f
D:4:      lemuel_temple_firewalk_b, first_bread, uniq_natasha, uniq_eustachio
D:5:      serial_shops, shop, shop, shop, nicolae_ru_the_path_less_chosen
D:7:      kennysheep_mini_moat
D:8:      erik_lair_dragon, hangedman_ranch, nemelex_spade_bored_becter,
          uniq_psyche, uniq_joseph, uniq_erica
D:9:      chequers_temple_overflow_minitemple,
          nemelex_xobeh_ov_fountains_minmay, hex_tiny, st_stairs_13
Temple:   eino_wide_crystal_templ
Sewer:    sewer_frog_island_02

Skill      XL: |  1  2  3  4  5  6  7  8  9 10 |
---------------+-------------------------------+-----
Fighting       | 1 2 3 4 6 7 8 |  8.2
Conjurations   | 2 3 4 5 6 7 |  7.5
Spellcasting   | 3 4 5 6 7 8 |  8.6
Fire Magic     | 4 5 6 7 8 |  8.2
Shields        | 2 5 7 |  7.6
Dodging        | |  1.7
Stealth        | |  1.7

Action                   |  1- 3 |  4- 6 |  7- 9 | 10-12 || total
-------------------------+-------+-------+-------+-------++-------
Melee: Hand axe          |    31 |    24 |    83 |     7 ||   145
       Tailslap          |     1 |     2 |    10 |     1 ||    14
 Cast: Flame Tongue      |    47 |    65 |   175 |   141 ||   428
       Throw Flame       |     7 |    47 |   116 |    23 ||   193
       Conjure Flame     |       |     1 |     6 |     8 ||    15
       Sticky Flame      |       |       |       |     4 ||     4
 Abil: Breathe Dispellin |       |       |     2 |     1 ||     3
  Use: Scroll            |       |     5 |     7 |    11 ||    23
       Potion            |       |       |     1 |     7 ||     8
  Eat: Chunk             |     3 |    10 |    17 |     6 ||    36
       Fruit             |       |       |     1 |     1 ||     2
       Royal jelly       |       |       |       |     1 ||     1
Armor: Skin              |    10 |    32 |    39 |    19 ||   100
Dodge: Dodged            |    34 |    51 |    51 |    39 ||   175
Block: Shield            |       |       |    41 |    59 ||   100

Table legend:
 A = Spawn XP
 B = Non-spawn XP
 C = Spawn XP percentage of total XP
 D = Spawn monster count
 E = Non-spawn monster count
 F = Spawn count percentage of total count
 G = Total turns spent on level
                    A         B        C        D         E        F      G
               +---------+---------+-------+---------+---------+-------+---------
         Total |       0 |   10720 |   0.0 |       0 |     252 |   0.0 | 12589
               +---------+---------+-------+---------+---------+-------+---------
           D:1 |       0 |      54 |   0.0 |       0 |      29 |   0.0 |  1001
           D:2 |       0 |     151 |   0.0 |       0 |      23 |   0.0 |  1313
           D:3 |       0 |     233 |   0.0 |       0 |      23 |   0.0 |   920
           D:4 |       0 |     896 |   0.0 |       0 |      21 |   0.0 |  1330
           D:5 |       0 |     564 |   0.0 |       0 |      13 |   0.0 |   965
           D:6 |       0 |    1376 |   0.0 |       0 |      27 |   0.0 |  1771
           D:7 |       0 |    2999 |   0.0 |       0 |      34 |   0.0 |  2492
           D:8 |       0 |    4059 |   0.0 |       0 |      24 |   0.0 |  1672
         Sewer |       0 |     388 |   0.0 |       0 |      58 |   0.0 |  1104
               +---------+---------+-------+---------+---------+-------+---------
